Unix NetHack Version 3.7.0-71 Work-in-progress - last build Jan 31 2023 02:41:03 (7ba98a1283f2b7cec35fde026edb48fc825ab8ae,branch:master). Game began 2023-01-31 19:11:11, ended 2023-02-02 06:53:32. spontiff, neutral male gnomish Healer ----- ---...---- - |........| -. |..*.....--.- ---- |.....G.....| --.*----..........-- --....^...--......----- |.....-----|...hd..... |-..--- ---.....@..- |...| |......d..-- --.--- |......i.@- |+-| --..--.....| |.<| ----|....-- --.| -....| --- .---.- . --. - Spontiff the Rhizotomist St:10 Dx:10 Co:16 In:8 Wi:18 Ch:16 Neutral S:312 Dlvl:6 $:1237 HP:0(34) Pw:5(5) AC:4 Xp:1/0 T:6843 Latest messages: The garter snake bites! The large kobold just misses! The coyote suddenly disappears! Pick an object. You materialize in a different location! Where do you want to travel to? (For instructions type a '?') You hear crashing rock. A cloud of gas puts you to sleep! The garter snake misses! The garter snake bites! The combat suddenly awakens you. The garter snake bites! You descend the stairs. You are carrying too much to get through. What do you want to drop? [$a-eg-km-sv-yBEKS or ?*] d You drop an uncursed dog eared spellbook. You are beginning to feel weak. A trap door in the ceiling opens and a rock falls on your head! Fortunately, you are wearing a hard helmet. F - a rock. What do you want to drop? [$a-ceg-km-sv-yBEFKS or ?*] Never mind. There is nothing here to pick up. What do you want to drop? [$a-ceg-km-sv-yBEFKS or ?*] F You drop a rock. What do you want to eat? [ny or ?*] ? This food really hits the spot! You finish eating the food ration. A trap door in the ceiling opens and a rock falls on your head! Fortunately, you are wearing a hard helmet. H - a rock. What do you want to drop? [$a-ceg-km-sv-yBEHKS or ?*] H You drop a rock. The coyote bites! The wererat changes into a human. Autopickup: OFF. The coyote misses! You see here a scroll labeled PHOL ENDE WODAN. The wererat hits! Autopickup: ON, for $!/="? objects, with some exceptions. I - a scroll labeled PHOL ENDE WODAN. The coyote bites! The wererat hits! The homunculus bites! Click! You trigger a rolling boulder trap! You are hit by a boulder! You die... Do you want your possessions identified? [ynq] (y) y Do you want to see the dungeon overview? [ynq] (y) y Inventory: Coins $ - 1237 gold pieces Weapons k - an uncursed +0 dagger (at the ready) E - an uncursed +0 dagger j - an uncursed +0 elven dagger a - an uncursed +0 orcish dagger K - an uncursed +0 scalpel Armor h - an uncursed +3 orcish helm (being worn) b - an uncursed +0 orcish helm g - an uncursed +1 pair of leather gloves (being worn) B - a blessed +0 studded leather armor Comestibles y - an uncursed apple n - 2 uncursed food rations Scrolls r - an uncursed scroll of amnesia m - an uncursed scroll of confuse monster I - an uncursed scroll of identify Spellbooks v - an uncursed spellbook of invisibility Potions i - an uncursed potion of gain ability e - an uncursed potion of hallucination c - a blessed potion of healing p - a cursed potion of healing w - a cursed potion of restore ability Wands S - an uncursed wand of sleep (0:3) Tools s - an uncursed stethoscope Gems/Stones q - an uncursed worthless piece of green glass o - an uncursed worthless piece of red glass x - an uncursed worthless piece of red glass Spontiff the Healer's attributes: Background: You were a Rhizotomist, a level 1 male gnomish Healer. You were neutral, on a mission for Hermes who was opposed by Athena (lawful) and Poseidon (chaotic). You were in the Gnomish Mines, on level 6. You entered the dungeon 6843 turns ago. You had 0 experience points, 20 were needed to attain level 2. Your score was 312 before end-of-game adjustments. Basics: You had 0 out of 34 hit points. You had all 5 energy points (spell power). Your armor class was 4. Your wallet contained 1237 zorkmids. Autopickup was on for '$!/="?' plus thrown, with exceptions. Final Characteristics: Your strength was 10 (limit:18/50). Your dexterity was 10 (limit:18). Your constitution was 16 (limit:18). Your intelligence was 8 (limit:19). Your wisdom was 18 (limit:18). Your charisma was 16 (limit:18). Final Status: You were not hungry. You were unencumbered. You were empty handed. You were unskilled in bare handed combat. Final Attributes: You were piously aligned. You were poison resistant. You had infravision. You are dead. Miscellaneous: You never encountered a bones level. Total elapsed playing time was 2 hours, 39 minutes and 18 seconds. Major events: Turn 1: spontiff the neutral male gnomish Healer entered the dungeon 6132: entered the Gnomish Mines 6843: killed by a boulder Vanquished creatures: 2 small mimics an acid blob a coyote 2 hobbits 3 giant rats 14 brown molds a yellow mold 3 gnome zombies 6 geckos 11 jackals 2 foxes a kobold 6 goblins a sewer rat 5 grid bugs 3 bats 4 lichens 4 kobold zombies 11 newts 81 creatures vanquished. No species were genocided or became extinct. Voluntary challenges: You never hit with a wielded weapon. You were a pacifist. You read items or engraved 11 times. You engraved Elbereth 6 times. You never genocided any monsters. You never polymorphed an object. You never changed form. You used no wishes. Achievements: You entered the Gnomish Mines. You entered a shop. The Dungeons of Doom: levels 1 to 4 Level 1: A sink. Level 2: "Stashlet" An altar. Level 3: Some fountains. Level 4: A delicatessen. Stairs down to The Gnomish Mines. The Gnomish Mines: levels 5 to 6 Level 5: Level 6: <- You were here. Final resting place for you, killed by a boulder. Game over: ---------- / \ / REST \ / IN \ / PEACE \ / \ | spontiff | | 1237 Au | | killed by a | | boulder | | | | | | 2023 | *| * * * | * _________)/\\_//(\/(/\)/\//\/|_)_______ Goodbye spontiff the Healer... You died in The Gnomish Mines on dungeon level 6 with 306 points, and 1237 pieces of gold, after 6843 moves. You were level 1 with a maximum of 34 hit points when you died.